 Dungeon Crawl Stone Soup version 0.22.1-2-g9c5b331 (webtiles) character file.

182 MalarOregon the Ducker (level 5, -1/38 HPs)
             Began as a Merfolk Wizard on Dec 1, 2018.
             Slain by an adder (2 damage)
             ... on level 3 of the Dungeon.
             The game lasted 00:10:33 (2631 turns).

MalarOregon the Ducker (Merfolk Wizard)             Turns: 2631, Time: 00:10:34

Health: -1/38      AC:  4    Str:  5 (7)  XL:     5   Next: 61%
Magic:  2/10       EV: 13    Int: 17 (18) God:
Gold:   132        SH:  0    Dex: 11 (13) Spells: 4/10 levels left

rFire    . . .     SeeInvis .   m - +5 scythe (venom)
rCold    . . .     Gourm    .   (shield currently unavailable)
rNeg     . . .     Faith    .   a - +0 robe
rPois    .         Spirit   .   b - +1 hat
rElec    .         Reflect  .   (no cloak)
rCorr    .         Harm     .   (no gloves)
MR       .....                  i - +0 pair of boots
Stlth    ++........             (no amulet)
HPRegen  0.12/turn              (no ring)
MPRegen  0.12/turn              (no ring)

@: lethally poisoned (-1 -> -4), flying, very slightly contaminated
A: change form in water, swift swim, stealthy swim
a: no special abilities


You were on level 3 of the Dungeon.
You were hungry.

You visited 1 branch of the dungeon, and saw 3 of its levels.

You collected 132 gold pieces.

Inventory:

Hand Weapons
 m - a +5 scythe of venom (weapon)
   (You took it off Sigmund on level 2 of the Dungeon)
Armour
 a - a +0 robe (worn)
 b - a +1 hat (worn)
 i - a +0 pair of boots (worn)
   (You found it on level 1 of the Dungeon)
Scrolls
 f - a scroll of teleportation {@r4}
Potions
 j - 2 potions of degeneration {!q}
Comestibles
 c - 4 chunks of flesh
 e - 4 rations {!d}


   Skills:
 + Level 1.8 Fighting
 + Level 2.1 Polearms
 + Level 1.1 Armour
 * Level 4.2 Dodging
 - Level 2.1 Stealth
 + Level 3.4 Spellcasting
 + Level 1.5 Conjurations
 + Level 1.7 Summonings
   Level 0.7 Translocations
 + Level 1.1 Poison Magic


You had 4 spell levels left.
You knew the following spells:

 Your Spells              Type           Power        Failure   Level  Hunger
a - Magic Dart            Conj           #...         9%          1    None
f - Mephitic Cloud        Conj/Pois/Air  #.......     34%         3    ###....
x - Call Imp              Summ           #.......     12%         2    ##.....

Your spell library contained the following spells:

 Spells                   Type           Power        Failure   Level  Hunger
 Blink                    Tloc           N/A          19%         2    ##.....
 Slow                     Hex            #.......     26%         2    ##.....
 Conjure Flame            Conj/Fire      #.......     36%         3    ###....


Dungeon Overview and Level Annotations

Branches:
Dungeon (3/15)

Altars:
The Shining One


Message History

The orc wizard blinks!
The orc wizard casts a spell at you. The magic dart hits you!
* * * LOW HITPOINT WARNING * * *
Attack whom?
Aim: an adder You reach to attack!
You miss the adder. The adder completely misses you.
You hit the adder. The orc wizard casts a spell at you.
The magic dart hits you!
* * * LOW HITPOINT WARNING * * *
The adder barely misses you.
The orc wizard hits you but does no damage.
Your crimson imp hits the adder.
The adder bites you but does no damage.
The orc wizard hits you but does no damage.
Your crimson imp hits the adder.
The adder barely misses you.
Unknown command.
You feel better. The orc wizard misses you. The adder closely misses you.
Your crimson imp barely misses the adder.
The orc wizard hits you but does no damage.
Unknown command.
It was a potion of degeneration.
There was something very wrong with that liquid.
You feel weakened.
You feel dopey.
You feel clumsy. The adder bites you.
* * * LOW HITPOINT WARNING * * *
You are poisoned.
The adder poisons you! The orc wizard casts a spell at you.
The magic dart hits you!
* * * LOW HITPOINT WARNING * * *
Your crimson imp closely misses the adder.
It was a potion of flight.
You feel very buoyant.
You fly up into the air.
You feel sick. The adder barely misses you. The orc wizard closely misses you.
Your crimson imp barely misses the adder.
The adder bites you but does no damage.
The orc wizard gestures at you while chanting.
The magic dart hits you!
* * * LOW HITPOINT WARNING * * *
Unknown command.
You miss the adder.
* * * LOW HITPOINT WARNING * * *
You feel sick.
The orc wizard mumbles some strange words.
The orc wizard blinks!
The adder barely misses you.
Your crimson imp blinks!
The orc wizard misses you. The adder bites you.
You die...

#.. #..... ... ...
#.#### . ####.###
#.###.#### ..
......###.##......
...
#.#.......##..####
... ...#.........#
.. #.######.#####
#§##§######.#
#.S@.5......#
#.##o######## ..
#.# ## #.# #.# #.#
..# ###


You could see an orc wizard, an adder and a friendly crimson imp.

Vanquished Creatures
  An orc wizard (D:3)
  An adder (D:3)
  3 leopard geckos
  4 orcs (D:3)
  2 giant cockroaches
  6 hobgoblins
  2 ball pythons (D:3)
  2 bats
  3 frilled lizards
  4 goblins
  2 rats
30 creatures vanquished.

Vanquished Creatures (collateral kills)
  Sigmund (D:2)
  2 adders (D:2)
  2 goblins (D:1)
  5 hobgoblins
  A rat (D:2)
11 creatures vanquished.

Grand Total: 41 creatures vanquished

Notes
Turn   | Place    | Note
-------+----------+-------------------------------------------
     0 | D:1      | MalarOregon the Merfolk Wizard began the quest for the Orb.
     0 | D:1      | Reached XP level 1. HP: 13/13 MP: 4/4
   197 | D:1      | Reached skill level 1 in Conjurations
   471 | D:1      | Reached XP level 2. HP: 20/20 MP: 1/6
   480 | D:1      | Learned a level 2 spell: Call Imp
   534 | D:1      | Reached skill level 3 in Dodging
  1086 | D:1      | Reached skill level 1 in Fighting
  1450 | D:2      | Found a faded altar of an unknown god.
  1729 | D:2      | Reached XP level 3. HP: 26/26 MP: 3/7
  1869 | D:2      | Noticed Sigmund
  1875 | D:2      | Learned a level 3 spell: Mephitic Cloud
  2092 | D:2      | Found a glowing golden altar of the Shining One.
  2471 | D:2      | Killed Sigmund
  2471 | D:2      | Reached skill level 1 in Polearms
  2471 | D:2      | Reached skill level 1 in Armour
  2471 | D:2      | Reached skill level 4 in Dodging
  2471 | D:2      | Reached XP level 4. HP: 32/32 MP: 2/9
  2471 | D:2      | Reached XP level 5. HP: 37/37 MP: 2/10
  2604 | D:3      | Reached skill level 1 in Poison Magic
  2631 | D:3      | HP: 1/38 [poisoned by an adder]
  2631 | D:3      | Slain by an adder

Skill      XL: |  1  2  3  4  5 |
---------------+----------------+-----
Conjurations   | 1 |  1.5
Dodging        | 3 4 |  4.2
Fighting       | 1 |  1.8
Polearms       | 1 2 |  2.1
Armour         | 1 |  1.1
Poison Magic   | 1 |  1.1
Stealth        | |  2.1
Spellcasting   | |  3.4
Summonings     | |  1.7
Translocations | |  0.7

Action                   |  1- 3 |  4- 6 || total
-------------------------+-------+-------++-------
Melee: Dagger            |    26 |       ||    26
       Spear             |    45 |       ||    45
       Scythe            |       |    27 ||    27
 Cast: Magic Dart        |    42 |     3 ||    45
       Call Imp          |    15 |     2 ||    17
       Mephitic Cloud    |     1 |     1 ||     2
  Use: Scroll            |     5 |     2 ||     7
       Potion            |       |     3 ||     3
 Stab: Confused          |     1 |       ||     1
       Distracted        |       |     1 ||     1
  Eat: Chunk             |     5 |     1 ||     6
Armor: Robe              |    13 |    13 ||    26
Dodge: Dodged            |    53 |    33 ||    86
